 Dungeon Crawl Stone Soup version 0.28-a0-622-gbaef9634d7 (webtiles) character file.

Game seed: 8768096529186623418

1563 Johnny the Chiller (level 8, -2/71 HPs)
             Began as a Yellow Draconian Ice Elementalist on Oct 7, 2021.
             Was an Initiate of Sif Muna.
             Slain by an ogre (22 damage)
             ... on level 6 of the Dungeon.
             The game lasted 00:07:48 (7286 turns).

Johnny the Chiller (DrIE)                           Turns: 7286, Time: 00:07:49

Health: -2/71      AC:  6    Str: 11    XL:     8   Next: 58%
Magic:  10/16      EV: 12    Int: 17    God:    Sif Muna [......]
Gold:   130        SH:  0    Dex: 12    Spells: 11/18 levels left

rFire   . . .      SeeInvis +   r - +2 quarterstaff (chaos)
rCold   . . .      Faith    .   (shield currently unavailable)
rNeg    . . .      Spirit   .   (armour unavailable)
rPois   .          Reflect  .   (helmet restricted)
rElec   .          Harm     +   o - scarf {harm}
rCorr   +          Rampage  .   (no gloves)
Will    .....                   (no boots)
Stlth   ++........              (no amulet)
HPRegen 0.21/turn               i - ring of see invisible
MPRegen 0.15/turn               (no ring)

@: freezing walls
A: spit acid, AC +6, unfitting armour, cold-blooded, acid resistance
a: Breathe Acid, Renounce Religion


You were on level 6 of the Dungeon.
You worshipped Sif Muna.
Sif Muna was noncommittal.
You visited 2 branches of the dungeon, and saw 7 of its levels.

You collected 130 gold pieces.

Inventory:

Hand Weapons
 r - a +2 quarterstaff of chaos (weapon)
Armour
 a - a +0 buckler
 o - a scarf of harm (worn)
Jewellery
 i - a ring of see invisible (left hand)
Wands
 q - a wand of flame (11)
 s - a wand of digging (8)
Scrolls
 c - 3 scrolls of enchant armour
 g - 2 scrolls of teleportation
 j - a scroll of vulnerability
 l - a scroll of magic mapping
 n - a scroll of immolation
Potions
 d - a potion of magic {unknown}
 e - a potion of mutation {unknown}
 f - 3 potions of haste
 h - 2 potions of curing {unknown}
 k - a potion of might {unknown}
 m - a potion of heal wounds {unknown}
 p - a potion of brilliance {unknown}


   Skills:
 + Level 6.5 Fighting
 - Level 1.7 Dodging
 - Level 1.7 Stealth
 + Level 1.4 Shields
 + Level 5.8 Spellcasting
 + Level 7.2 Ice Magic
 + Level 1.6 Invocations


You had 11 spell levels left.
You knew the following spells:

 Your Spells              Type           Power      Damage    Failure   Level
a - Freeze                Ice            100%       1d11      1%          1
b - Frozen Ramparts       Ice            58%        1d7       1%          3
c - Ozocubu's Armour      Ice            29%        N/A       1%          3

Your spell library contained the following spells:

 Spells                   Type           Power      Damage    Failure   Level
 Summon Small Mammal      Summ           16%        N/A       13%         1
 Slow                     Hex            4%         N/A       21%         2
 Hailstorm                Conj/Ice       17%        3d6       28%         4
 Call Canine Familiar     Summ           4%         N/A       36%         3
 Confusing Touch          Hex            4%         N/A       36%         3
 Summon Guardian Golem    Hex/Summ       4%         N/A       36%         3
 Vampiric Draining        Necr           2%         2d6       36%         3


Dungeon Overview and Level Annotations

Branches:
Dungeon (6/15)             Temple (1/1) D:5

Altars:
Fedhas
Makhleb
Nemelex Xobeh
Qazlal
Ru
Sif Muna
Trog
Wu Jian
Zin

Shops:
D:3 :*   D:4 [

Annotations:
D:6 1 transporter


Innate Abilities, Weirdness & Mutations

You can spit globs of acid.
Your golden yellow scales are hard. (AC +6)
You cannot fit into any form of body armour.
You are cold-blooded and may be slowed by cold attacks.
You are resistant to acid. (rCorr)


Message History

An ogre is nearby!
An ogre is nearby!
The ogre shouts!
The ogre barely misses you.
You hit the ogre.
The ogre is lightly wounded.
The ogre hits you with a +0 giant club!!
Casting: Freeze (safe; 1% risk of failure)
Confirm with . or Enter, or press ? or * to list all spells.
Casting: Frozen Ramparts (safe; 1% risk of failure)
Press: ? - help, Dir - look around, f - activate The walls around you are covered in ice.
Casting: Frozen Ramparts (safe; 1% risk of failure)
Confirm with . or Enter, or press ? or * to list all spells.
Aiming: Freeze (safe; 1% risk of failure)
Press: ? - help, Shift-Dir - straight line, f - ogre
Aim: an ogre, wielding a +0 giant club (lightly wounded)
You freeze the ogre.
The ogre is moderately wounded.
The wall freezes the ogre.
The ogre hits you with a +0 giant club!!
* * * LOW HITPOINT WARNING * * *
Casting: Freeze (safe; 1% risk of failure)
Confirm with . or Enter, or press ? or * to list all spells.
Aiming: Freeze (safe; 1% risk of failure)
Press: ? - help, Shift-Dir - straight line, f/p - ogre
Aim: an ogre, wielding a +0 giant club (moderately wounded)
You freeze the ogre.
The ogre is heavily wounded.
The wall freezes the ogre.
The ogre closely misses you.
Casting: Freeze (safe; 1% risk of failure)
Confirm with . or Enter, or press ? or * to list all spells.
Aiming: Freeze (safe; 1% risk of failure)
Press: ? - help, Shift-Dir - straight line, f/p - ogre
Aim: an ogre, wielding a +0 giant club (severely wounded)
You freeze the ogre.
The ogre is severely wounded.
The wall freezes the ogre.
The ogre hits you with a +0 giant club!!
You die...

##.##..######
#..#.###...#
##....##...#
######.........#
#..........#####
######.#####.#...#
.................##
.###..#########...##
......# ##@..#
####### #O#.# #
#.#.# #...# ##. .#
.. ##


You could see an ogre.

Vanquished Creatures
  4 yaks (D:5)
  2 sky beasts (D:5)
  2 ice beasts
  3 ogres
  A centaur (D:6)
  2 hounds
  A bullfrog skeleton (D:4)
  Crazy Yiuf (D:4)
  An orc wizard (D:2)
  3 adders
  A shadow imp (D:6)
  2 white imps (D:6)
  2 ufetubi
  2 adder skeletons (D:4)
  4 worms
  3 dart slugs
  4 orcs
  5 endoplasms
  4 giant cockroaches
  12 hobgoblins
  4 jackals
  8 kobolds
  6 quokkas
  6 ball pythons
  4 bats
  6 frilled lizards
  7 goblins
  7 rats
107 creatures vanquished.

Vanquished Creatures (others)
  3 plants (D:5)
3 creatures vanquished.

Grand Total: 110 creatures vanquished

Notes
Turn   | Place    | Note
-------+----------+-------------------------------------------
     0 | D:1      | Johnny the Draconian Ice Elementalist began the quest for
                  | the Orb.
     0 | D:1      | Reached XP level 1. HP: 14/14 MP: 3/3
   151 | D:1      | Found a faded altar of an unknown god.
   207 | D:1      | Reached XP level 2. HP: 16/22 MP: 0/5
   225 | D:1      | Reached skill level 1 in Fighting
  1051 | D:1      | Reached XP level 3. HP: 22/28 MP: 4/6
  2293 | D:2      | Reached XP level 4. HP: 21/36 MP: 0/8
  2794 | D:3      | Found a sacrificial altar of Ru.
  2871 | D:3      | Found Zin's Purification Station.
  2874 | D:3      | Found a glowing silver altar of Zin.
  2879 | D:3      | Found Votemev's Book Shoppe.
  3443 | D:3      | Found a blossoming altar of Fedhas.
  3523 | D:4      | Reached XP level 5. HP: 29/44 MP: 9/9
  3775 | D:4      | Noticed an ogre
  3819 | D:4      | Killed an ogre
  3820 | D:4      | Reached skill level 5 in Ice Magic
  4173 | D:4      | Found a runed translucent door.
  4174 | D:4      | Noticed Crazy Yiuf
  4271 | D:4      | Noticed an ogre
  4300 | D:5      | Entered Level 5 of the Dungeon
  4459 | D:5      | Noticed a sky beast
  4502 | D:6      | Found a burning altar of Makhleb.
  4555 | D:6      | Noticed an ice beast
  4574 | D:5      | Noticed a sky beast
  4574 | D:5      | Noticed a yak
  4574 | D:5      | Noticed a yak
  4574 | D:5      | Noticed a yak
  4574 | D:5      | Noticed a yak
  4600 | D:5      | Learned a level 3 spell: Frozen Ramparts
  4604 | D:5      | Learned a level 3 spell: Ozocubu's Armour
  4648 | D:5      | Found a staircase to the Ecumenical Temple.
  4753 | Temple   | Entered the Ecumenical Temple
  4775 | Temple   | Became a worshipper of Sif Muna the Loreminder
  4807 | D:5      | Killed a sky beast
  4808 | D:5      | Reached XP level 6. HP: 52/52 MP: 0/11
  4915 | D:5      | Killed a yak
  4915 | D:5      | Killed a yak
  4916 | D:5      | Reached skill level 6 in Ice Magic
  4916 | D:5      | Your scales start taking on a golden yellow colour.
  4916 | D:5      | Reached XP level 7. HP: 60/60 MP: 0/13
  4916 | D:5      | Gained mutation: You are resistant to acid. (rCorr) [Yellow
                  | Draconian growth]
  4916 | D:5      | Killed a yak
  4917 | D:5      | Reached skill level 5 in Fighting
  4961 | D:5      | Killed a yak
  4962 | D:5      | Reached skill level 5 in Spellcasting
  5142 | D:5      | Reached XP level 8. HP: 67/70 MP: 5/15
  5704 | D:4      | Found Luemunabb's Antique Armour Emporium.
  6227 | D:4      | Killed Crazy Yiuf
  6418 | D:5      | Reached skill level 7 in Ice Magic
  6864 | D:6      | Reached skill level 1 in Shields
  6864 | D:6      | Reached skill level 1 in Invocations
  7177 | D:6      | Found a transporter.
  7286 | D:6      | Slain by an ogre

Illustrated notes

Levels and vault maps discovered:
D:1:      minmay_arrival_split_and_join, layout_loops_cross,
          basic_ecumenical_altar, dk_noncrumbling_2, minmay_misc_feat_square
D:2:      layout_loops_ring, minivault_24
D:3:      layout_rooms, zin_purify, mainiacjoe_overflow_alcove_2,
          mainiacjoe_overflow_alcove_4, serial_shops, shop,
          minmay_tree_intersection
D:4:      layout_loops_corners, serial_shops, nicolae_lakefront_shop,
          minmay_fractal_squares_gapless_5, uniq_crazy_yiuf_cottage
D:5:      layout_basic, minmay_temple_entry_overgrown, hex_medium
D:6:      gammafunk_cloud_chamber, layout_rooms, tgw_kikubaaqudgha,
          bloody_makhleb
Temple:   compressed_dpeg_triangle_lava_temple

Skill      XL: |  1  2  3  4  5  6  7  8 |
---------------+-------------------------+-----
Fighting       | 1 2 3 4 5 6 |  6.5
Spellcasting   | 3 4 5 |  5.8
Ice Magic      | 5 6 7 |  7.2
Shields        | 1 |  1.4
Invocations    | 1 |  1.6
Dodging        | |  1.7
Stealth        | |  1.7

Action                   |  1- 3 |  4- 6 |  7- 9 || total
-------------------------+-------+-------+-------++-------
Melee: Unarmed           |   110 |    43 |       ||   153
       Tailslap          |    15 |     7 |     8 ||    30
       Short sword       |       |    20 |    69 ||    89
       Quarterstaff      |       |       |    28 ||    28
 Cast: Freeze            |    55 |    47 |    17 ||   119
       Frozen Ramparts   |       |     2 |     7 ||     9
       Ozocubu's Armour  |       |     2 |     4 ||     6
 Abil: Breathe Acid      |       |       |     1 ||     1
  Use: Scroll            |       |       |     7 ||     7
       Potion            |       |       |     1 ||     1
 Stab: Sleeping          |     1 |     2 |     1 ||     4
Armor: Skin              |    47 |    29 |    50 ||   126
Dodge: Dodged            |   127 |    52 |    73 ||   252

Table legend: (Time is in decaauts)
 A = Elapsed time spent in this place.
 B = Non-inter-level travel time spent in this place.
 C = Inter-level travel time spent in this place.
 D = Time resting spent in this place.
 E = Time spent auto-exploring this place.
 F = Levels seen in this place.
 G = Mean time per level.
                   A        B        C        D        E       F      G
               +--------+--------+--------+--------+--------+-----+--------+
         Total |   7309 |   7088 |    221 |   1136 |   4840 |   7 | 1044.1 |
       Dungeon |   7276 |   7064 |    212 |   1136 |   4832 |   6 | 1212.7 |
        Temple |     32 |     23 |      9 |      0 |      8 |   1 |   32.0 |
               +--------+--------+--------+--------+--------+-----+--------+

Top non-repeatable levels by time:
     D:4: 1937 daAuts
     D:1: 1558 daAuts
     D:5: 1187 daAuts
     D:2: 1181 daAuts
     D:3: 762 daAuts
     D:6: 650 daAuts
  Temple: 32 daAuts
